 Dungeon Crawl Stone Soup version 0.21-a0-94-gdd6ab6a (webtiles) character file.

35928 hairmachine the Severer (level 13, -35/117 HPs)
             Began as a Deep Dwarf Artificer on July 2, 2017.
             Was a High Priest of Makhleb.
             Annihilated by an enormous slime creature (58 damage)
             ... on level 12 of the Dungeon.
             The game lasted 01:12:42 (14590 turns).

hairmachine the Severer (Deep Dwarf Artificer)     Turns: 14590, Time: 01:12:43

Health: -35/117    AC: 16    Str: 24    XL:     13   Next: 50%
Magic:  9/9        EV: 10    Int: 13    God:    Makhleb [*****.]
Gold:   784        SH:  4    Dex: 15    Spells: 12/12 levels left

rFire    + + .     SeeInvis .   v - +3 battleaxe (chop)
rCold    . . .     Gourm    .   (shield currently unavailable)
rNeg     . . .     Faith    .   E - +0 plate armour
rPois    .         Spirit   .   (no helmet)
rElec    .         Reflect  +   h - +1 cloak
rCorr    .         Harm     .   (no gloves)
MR       +....                  L - +0 pair of boots
Stlth    ..........             z - +4 amulet of reflection
HPRegen  0.00/turn              k - +2 ring of strength
MPRegen  0.11/turn              x - ring of protection from fire

@: non-regenerating
A: damage resistance, heal wounds, agile 1, fire resistance 1, sense
surroundings 2, strong 1, wild magic 1, no regeneration
a: Heal Wounds, Minor Destruction, Lesser Servant of Makhleb, Major Destruction,
Greater Servant of Makhleb, Renounce Religion


You were on level 12 of the Dungeon.
You worshipped Makhleb.
Makhleb was extremely pleased with you.
You were not hungry.

You visited 3 branches of the dungeon, and saw 19 of its levels.
You also visited: Sewer.

You collected 1064 gold pieces.
You spent 280 gold pieces at shops.

Inventory:

Hand Weapons
 d - a +0 antimagic battleaxe
 v - a +3 battleaxe of chopping (weapon)
 H - a +0 flail
Missiles
 g - 9 tomahawks (quivered)
Armour
 h - a +1 cloak (worn)
 E - a +0 plate armour (worn)
 L - a +0 pair of boots (worn)
Jewellery
 k - a +2 ring of strength (left hand)
 m - an uncursed ring of ice
 x - a ring of protection from fire (right hand)
 z - a +4 amulet of reflection (around neck)
Wands
 e - a wand of flame (27/48)
 r - a wand of lightning (3/15)
 A - a wand of disintegration (0/24)
 B - a wand of confusion (32/48)
 G - a wand of acid (1/15)
 M - a wand of scattershot (1/9)
 P - a wand of enslavement (14/24)
 W - a wand of enslavement (11/24)
Scrolls
 a - 5 scrolls of teleportation
 c - 4 scrolls of noise {unknown}
 i - 6 scrolls of remove curse
 j - a scroll of fog
 t - 4 scrolls of magic mapping
 y - a scroll of brand weapon {unknown}
 F - a scroll of identify
 O - 2 scrolls of blinking
Potions
 b - a potion of invisibility
 l - 2 potions of flight
 n - 7 potions of curing
 p - 4 potions of haste
 q - a potion of berserk rage {unknown}
 s - 5 potions of brilliance
 w - a potion of mutation {unknown}
 C - a potion of ambrosia {unknown}
 D - 4 potions of heal wounds
 K - 5 potions of might
 N - 3 potions of lignification {unknown}
 R - 2 potions of resistance {unknown}
 X - a potion of cancellation {unknown}
 Y - a potion of agility {unknown}
Miscellaneous
 J - a sack of spiders
 S - a box of beasts
 T - a phantom mirror
Comestibles
 f - 8 bread rations
 o - 9 meat rations
 u - 7 royal jellies
 I - 3 chunks of flesh
 Q - 21 fruits


   Skills:
 + Level 8.1 Fighting
   Level 0.8 Short Blades
 * Level 18.8(18.9) Axes
 - Level 2.3(12.0) Maces & Flails
 - Level 6.4 Armour
 + Level 5.9 Dodging
 - Level 1.2 Stealth
 + Level 9.8 Invocations
 - Level 4.0 Evocations


You had 12 spell levels left.
You didn't know any spells.

Dungeon Overview and Level Annotations

Branches:
Dungeon (12/15)            Temple (1/1) D:7            Lair (6/6) D:11
 Spider (0/4) Lair:2        Slime (0/5) Lair:5          Orc (0/2) D:11
  Swamp: Lair:2-4    Shoals: Lair:2-4

Altars:
Ashenzari
Cheibriados
Dithmenos
Elyvilon
Fedhas
Gozag
Hepliaklqana
Kikubaaqudgha
Makhleb
Nemelex Xobeh
Okawaru
Qazlal
Ru
Sif Muna
Trog
Uskayaw
Vehumet
Wu Jian
Xom
Yredelemnul
Zin
The Shining One
Lugonu

Shops:
D:5 (   D:10 }

Annotations:
Lair:1 exclusion: downstairs
Lair:2 Patate's ghost, journeyman MiBe
Lair:3 exclusion: oklob plant


Innate Abilities, Weirdness & Mutations

You are resistant to damage.
You can heal yourself by infusing magical energy.
You passively map the area around you.
You do not regenerate.
You are agile. (Dex +2)
Your flesh is heat resistant. (rF+)
Your muscles are strong. (Str +2)
Your spells are a little harder to cast, but a little more powerful.


Message History

You kill the orc!
Makhleb accepts your kill.
You feel better.
You slice the enormous slime creature!!
The enormous slime creature is heavily wounded.
The enormous slime creature hits you!!
You are too injured to fight recklessly!
Unknown command.
You barely miss the orc. You slice the enormous slime creature!!
The enormous slime creature hits you but does no damage.
The orc closely misses you.
You closely miss the orc. You hit the enormous slime creature.
The enormous slime creature hits you!!!
* * * LOW HITPOINT WARNING * * *
Unknown command.
You feel much better.
The orc hits you with a hand axe of pain.
* * * LOW HITPOINT WARNING * * *
The orc closely misses you. The enormous slime creature hits you!!!
You die...

#...#.......##..)..
#...#..o... #..<..
#...#.oo.,####...).
#...#o'#+##........
#..................
#............###...
#..#####.....# #'##
#oo# ,#.....# ...
##@# ,#.....#,....
#J+ *#######* ...
** #.# , ,,. ..# ,*
, ,, * ..#, , ...#
∩ ,,, * , ...# , ,,
* ....., *, , , , ,
, ,


You could see an enormous slime creature and 2 orcs.

Vanquished Creatures
  2 hydras
  Erolcha (D:12)
  A centaur warrior (D:9)
  3 two-headed ogres
  The ghost of nikopol the Thaumaturge, a novice DEFE of Vehumet (D:10)
  An ugly thing (D:12)
  A deep elf mage (D:10)
  The ghost of vev the Sneak, a novice OpIE of Jiyva (D:8)
  Maurice (D:8)
  4 black mambas
  3 torpor snails (Lair:1)
  A gargoyle (D:10)
  2 rime drakes
  10 komodo dragons
  8 spiny frogs
  A troll (D:12)
  6 jumping spiders
  2 polar bears
  7 slime creatures
  A dream sheep (Lair:6)
  14 blink frogs
  2 hippogriffs
  Duvessa (D:5)
  A redback (Lair:2)
  A spriggan (D:10)
  2 wyverns
  7 basilisks
  A human (D:10)
  2 hungry ghosts
  A wraith (D:12)
  Grum (D:10)
  32 yaks
  The ghost of vev the Sneak, an amateur OpIE (D:3)
  2 acid dragons (D:12)
  6 water moccasins
  8 porcupines
  An orc warrior (D:7)
  2 sky beasts
  3 black bears
  3 ice beasts
  2 phantoms
  4 boggarts (Lair:5)
  8 wolves
  5 ogres
  4 centaurs
  A crocodile (Lair:3)
  A big kobold (D:10)
  15 bullfrogs
  A gnoll sergeant (D:8)
  Dowan (D:5)
  4 scorpions
  4 wights
  9 killer bees
  4 howler monkeys
  9 crimson imps
  2 bullfrog zombies
  6 orc priests
  A hound (D:5)
  3 jellies
  Crazy Yiuf (D:7)
  2 bullfrog skeletons
  A gnoll shaman (D:7)
  6 iguanas
  6 orc wizards
  7 worker ants
  3 worker ant zombies
  9 gnolls
  9 adders
  4 shadow imps
  3 oozes
  An adder zombie (D:8)
  3 adder skeletons
  A worm (D:3)
  6 leopard geckos
  23 orcs
  3 ball pythons
  11 bats
  8 giant cockroaches
  6 goblins
  6 hobgoblins
  3 quokkas
  7 frilled lizards
  12 kobolds
  A leopard gecko skeleton (D:6)
  A quokka skeleton (D:10)
  2 quokka zombies
  4 rats
  6 fungi
  A plant (Lair:6)
388 creatures vanquished.

Vanquished Creatures (collateral kills)
  Ijyb (D:5)
1 creature vanquished.

Vanquished Creatures (others)
  A wraith (D:12)
  2 centaurs (D:5)
  An orc (D:7)
  A quokka (D:7)
  A fungus (Lair:5)
  2 plants (Lair:3)
8 creatures vanquished.

Grand Total: 397 creatures vanquished

Notes
Turn   | Place    | Note
-------+----------+-------------------------------------------
     0 | D:1      | hairmachine the Deep Dwarf Artificer began the quest for the Orb.
     0 | D:1      | Reached XP level 1. HP: 16/16 MP: 3/3
    16 | D:1      | Reached skill level 1 in Fighting
   266 | D:1      | Reached skill level 1 in Maces & Flails
   349 | D:1      | Reached XP level 2. HP: 25/25 MP: 4/4
  1402 | D:2      | Reached XP level 3. HP: 21/31 MP: 5/5
  1444 | D:2      | Found a snail-covered altar of Cheibriados.
  1574 | D:2      | Found a deep blue altar of Sif Muna.
  1575 | D:2      | Found a blossoming altar of Fedhas.
  1575 | D:2      | Found an ancient bone altar of Kikubaaqudgha.
  1575 | D:2      | Found a hazy altar of Hepliaklqana.
  1575 | D:2      | Found an ornate altar of the Wu Jian Council.
  1825 | D:3      | Reached skill level 1 in Axes
  1925 | D:3      | Found a bloodstained altar of Trog.
  1978 | D:3      | Noticed vev's ghost (amateur OpIE)
  2037 | D:3      | Killed vev's ghost
  2037 | D:3      | Reached skill level 4 in Axes
  2037 | D:3      | Reached XP level 4. HP: 23/38 MP: 6/6
  2037 | D:3      | Reached XP level 5. HP: 27/44 MP: 7/7
  2214 | D:3      | You fall through a shaft for 2 floors!
  2214 | D:5      | Entered Level 5 of the Dungeon
  2214 | D:5      | Noticed a centaur
  2216 | D:5      | Noticed Ijyb
  2220 | D:5      | Killed Ijyb
  2306 | D:5      | Noticed a centaur
  2317 | D:5      | Noticed an ogre
  2328 | D:5      | Reached skill level 5 in Axes
  2421 | D:5      | Noticed Duvessa
  2427 | D:5      | Killed Duvessa
  2427 | D:5      | Reached skill level 6 in Axes
  2427 | D:5      | Reached XP level 6. HP: 24/51 MP: 7/7
  2430 | D:5      | Noticed Dowan
  2440 | D:5      | Killed Dowan
  2440 | D:5      | Reached skill level 7 in Axes
  2441 | D:5      | Reached XP level 7. HP: 46/57 MP: 8/8
  2478 | D:5      | Reached skill level 8 in Axes
  2525 | D:5      | Found a sacrificial altar of Ru.
  2652 | D:5      | Found a shattered altar of Ashenzari.
  2925 | D:4      | Found a glowing drain.
  2988 | Sewer    | Entered a sewer
  3828 | D:5      | Reached skill level 9 in Axes
  4055 | D:5      | Reached XP level 8. HP: 54/64 MP: 9/9
  4159 | D:5      | Found Gigoyfigre's Weapon Boutique.
  4261 | D:6      | Reached skill level 10 in Axes
  4647 | D:6      | Reached skill level 11 in Axes
  4952 | D:7      | Gained mutation: Your flesh is heat resistant. (rF+) [mutagenic meat]
  4953 | D:7      | Gained mutation: Your spells are a little harder to cast, but a little more powerful. [mutagenic meat]
  4954 | D:7      | Gained mutation: You are agile. (Dex +2) [mutagenic meat]
  4955 | D:7      | Gained mutation: Your muscles are strong. (Str +2) [mutagenic meat]
  4958 | D:7      | Found Kocuse's Assorted Antiques.
  5025 | D:7      | Reached skill level 12 in Axes
  5025 | D:7      | Gained mutation: You passively map the area around you. [Deep Dwarf growth]
  5025 | D:7      | Reached XP level 9. HP: 48/70 MP: 10/10
  5051 | D:7      | Found a white marble altar of Elyvilon.
  5172 | D:7      | Found a shadowy altar of Dithmenos.
  5440 | D:7      | Reached skill level 13 in Axes
  5594 | D:7      | Found a staircase to the Ecumenical Temple.
  5643 | Temple   | Entered the Ecumenical Temple
  5895 | D:8      | Noticed Maurice
  5950 | D:8      | Found a sparkling altar of Nemelex Xobeh.
  6184 | D:8      | Found an iron altar of Okawaru.
  6228 | D:8      | Noticed vev's ghost (novice OpIE)
  6264 | D:8      | Killed vev's ghost
  6264 | D:8      | Reached skill level 14 in Axes
  6376 | D:8      | Found a radiant altar of Vehumet.
  6377 | D:8      | Found a burning altar of Makhleb.
  6440 | D:8      | Became a worshipper of Makhleb the Destroyer
  6540 | D:8      | Noticed a two-headed ogre
  6603 | D:8      | Killed Maurice
  6603 | D:8      | Reached XP level 10. HP: 63/79 MP: 10/10
  6609 | D:8      | Killed a two-headed ogre
  6609 | D:8      | Reached skill level 15 in Axes
  6711 | D:9      | Reached skill level 1 in Armour
  6809 | D:9      | Noticed a centaur warrior
  6833 | D:9      | Killed a centaur warrior
  7009 | D:9      | Reached * piety under Makhleb
  7460 | D:9      | Noticed a two-headed ogre
  7658 | D:9      | Killed a two-headed ogre
  7742 | D:10     | Entered Level 10 of the Dungeon
  7742 | D:10     | Noticed Grum
  7885 | D:10     | Found Tippol's Gadget Shop.
  7895 | D:10     | Bought a sack of spiders for 280 gold pieces
  7984 | D:10     | Reached skill level 16 in Axes
  8011 | D:10     | Reached XP level 11. HP: 66/92 MP: 7/7
  8077 | D:10     | Noticed a deep elf mage
  8089 | D:10     | Killed a deep elf mage
  8148 | D:10     | Found a glowing golden altar of the Shining One.
  8307 | D:10     | Killed Grum
  8551 | D:10     | Reached ** piety under Makhleb
  8623 | D:10     | Noticed nikopol's ghost (novice DEFE)
  8638 | D:10     | Killed nikopol's ghost
  8638 | D:10     | Reached skill level 5 in Fighting
  8914 | D:7      | Found a runed door.
  8918 | D:7      | Noticed Crazy Yiuf
  8923 | D:7      | Killed Crazy Yiuf
  9055 | D:11     | Found a staircase to the Lair.
  9055 | D:11     | Noticed a five-headed hydra
  9059 | Lair:1   | Entered Level 1 of the Lair of Beasts
  9103 | Lair:1   | Found a snail-covered altar of Cheibriados.
  9476 | Lair:1   | Reached skill level 5 in Invocations
  9848 | Lair:1   | Reached skill level 17 in Axes
 10099 | Lair:2   | Reached skill level 5 in Armour
 10134 | Lair:2   | Found a hole to the Spider Nest.
 10165 | Lair:2   | Noticed Patate's ghost (journeyman MiBe)
 10335 | Lair:2   | Reached XP level 12. HP: 55/105 MP: 6/6
 10980 | Lair:3   | Noticed a six-headed hydra
 10982 | Lair:3   | Killed a six-headed hydra
 11082 | Lair:3   | Reached *** piety under Makhleb
 11502 | Lair:3   | Found a burning altar of Makhleb.
 11940 | Lair:4   | Reached skill level 18 in Axes
 12831 | Lair:5   | Found a staircase to the Slime Pits.
 12903 | Lair:5   | Found a radiant altar of Vehumet.
 12957 | Lair:5   | Reached XP level 13. HP: 115/115 MP: 8/8
 12983 | Lair:5   | Reached **** piety under Makhleb
 13396 | Lair:6   | Entered Level 6 of the Lair of Beasts
 13584 | Lair:4   | You fall through a shaft for 2 floors!
 13618 | Lair:6   | Reached skill level 5 in Dodging
 13808 | D:11     | Found a staircase to the Orcish Mines.
 13831 | D:12     | Noticed Erolcha
 13840 | D:12     | Killed Erolcha
 14153 | D:12     | Got an ancient scale mail
 14178 | D:12     | Identified the +2 scale mail of Discretion {Regen+ Str+2} (You found it on level 12 of the Dungeon)
 14356 | D:12     | Reached ***** piety under Makhleb
 14590 | D:12     | Annihilated by an enormous slime creature

Vault maps used:
D:1:      onia_arrival_mini_spirals
D:2:      lemuel_round_altar, grunt_temple_overflow_open
D:3:      nicolae_overflow_hidden_temple, kennysheep_generic_room_6
D:4:      gup_sewer_entry_glass, hangedman_abyss_or_decor_stabs,
          minmay_fountain_box
D:5:      ashenzari_conservatory_becter, kennysheep_mini_moat, serial_shops,
          nicolae_shop_trees, first_bread, uniq_duvessa, uniq_ijyb
D:6:      minmay_misc_feat_chi
D:7:      elyvilon_altar_4, nicolae_dithmenos_the_darkroom,
          minmay_temple_entry_mist, serial_shops, nicolae_shop_stone,
          kennysheep_generic_room_7, uniq_crazy_yiuf_cottage
D:8:      minmay_curly_fans, grunt_temple_overflow_lords_of_destruction,
          marbit_many_paths, lemuel_doored_altar, uniq_maurice
D:9:      minmay_checkerbox
D:10:     serial_shops, nicolae_shop_stone, basic_altar, serial_bayou_pond_a,
          hangedman_stone_soup, uniq_grum
D:12:     serial_shops, bzr_firewalk, uniq_erolcha
Temple:   corrupted_temple
Lair:1:   beast_lair_carwin_large_4, kennysheep_snail_temple,
          grunt_megastairs_4, lemuel_fruit_tree
Lair:2:   minmay_shoals_entry_lonely_mermaid, nicolae_spider_entry_tight_spaces
Lair:3:   basic_altar, grunt_megastairs_5, serial_bayou_shore_b,
          infiniplex_staircase_pool_2, lemuel_fruit_fields
Lair:5:   minmay_slime_entry_pillars, basic_altar, kilobyte_rumbling_trees,
          grunt_megastairs_1
Lair:6:   minmay_lair_end_enchanted_forest
Sewer:    kennysheep_pipe_town

Skill      XL: |  1  2  3  4  5  6  7  8  9 10 11 12 13 |
---------------+----------------------------------------+-----
Fighting       | 1 4 6 7 8 |  8.1
Maces & Flails | 1 2 |  2.3
Axes           | 4 6 7 9 12 14 16 17 18 | 18.8
Armour         | 3 5 6 |  6.4
Invocations    | 2 6 8 9 |  9.8
Dodging        | 4 5 |  5.9
Short Blades   | |  0.8
Stealth        | |  1.2
Evocations     | |  4.0

Action                   |  1- 3 |  4- 6 |  7- 9 | 10-12 | 13-15 || total
-------------------------+-------+-------+-------+-------+-------++-------
Melee: Club              |    58 |       |       |       |       ||    58
       Short sword       |    11 |       |       |       |       ||    11
       Mace              |   146 |    68 |       |       |       ||   214
       Battleaxe         |       |    50 |   455 |   636 |   201 ||  1342
 Abil: Heal Wounds       |     2 |     3 |    13 |    21 |     3 ||    42
Evoke: Wand              |    18 |     4 |    14 |    42 |     4 ||    82
  Use: Scroll            |     7 |     2 |     6 |    16 |     6 ||    37
       Potion            |       |       |       |     1 |     1 ||     2
 Stab: Paralysed         |     3 |       |       |       |       ||     3
       Confused          |     2 |       |     1 |    12 |     2 ||    17
       Distracted        |       |     1 |       |       |       ||     1
  Eat: Chunk             |     4 |     1 |    26 |    19 |     8 ||    58
Armor: Leather armour    |     8 |       |       |       |       ||     8
       Ring mail         |    79 |    32 |       |       |       ||   111
       Plate armour      |       |    16 |   336 |   279 |    88 ||   719
Dodge: Dodged            |    97 |    69 |   168 |   151 |    56 ||   541
Block: Shield            |    75 |    34 |       |       |       ||   109
       Other             |       |       |    42 |    72 |    23 ||   137
       Reflection        |       |       |     2 |     1 |       ||     3
